 Dungeon Crawl Stone Soup version 0.22.1-2-g9c5b331 (webtiles) character file.

42 truemonolith the Cudgeler (level 3, -2/32 HPs)
             Began as a Deep Dwarf Gladiator on Dec 14, 2018.
             Slain by Sigmund
             ... wielding a +0 scythe
              (8 damage)
             ... on level 2 of the Dungeon.
             The game lasted 00:03:33 (1302 turns).

truemonolith the Cudgeler (Deep Dwarf Gladiator)    Turns: 1302, Time: 00:03:34

Health: -2/32      AC:  4    Str: 16 (17) XL:     3   Next: 35%
Magic:  3/3        EV: 13    Int:  6 (8)  God:
Gold:   45         SH:  0    Dex: 14 (15) Spells: 2/2 levels left

rFire    + . .     SeeInvis .   a - +0 flail
rCold    x . .     Gourm    .   (no shield)
rNeg     . . .     Faith    .   b - +0 leather armour
rPois    .         Spirit   .   c - +0 helmet
rElec    .         Reflect  .   (no cloak)
rCorr    .         Harm     .   (no gloves)
MR       .....                  (no boots)
Stlth    +.........             (no amulet)
HPRegen  0.00/turn              m - ring of fire
MPRegen  0.08/turn              (no ring)

@: non-regenerating
A: damage resistance, heal wounds, sense surroundings 1, no regeneration
a: Heal Wounds


You were on level 2 of the Dungeon.
You were not hungry.

You visited 1 branch of the dungeon, and saw 2 of its levels.

You collected 45 gold pieces.

Inventory:

Hand Weapons
 a - a +0 flail (weapon)
Missiles
 d - 3 throwing nets (quivered)
Armour
 b - a +0 leather armour (worn)
 c - a +0 helmet (worn)
Jewellery
 m - a ring of fire (left hand)
Potions
 h - 2 potions of agility {unknown}
 j - a potion of brilliance {unknown}
 k - a potion of invisibility {unknown}
 l - a potion of heal wounds {unknown}
Comestibles
 f - 4 rations


   Skills:
 - Level 1.7 Fighting
 + Level 4.2 Maces & Flails
 - Level 1.7 Throwing
 + Level 1.1 Armour
 - Level 3.2 Dodging
 + Level 0.3 Stealth


You had 2 spell levels left.
You didn't know any spells.
Your spell library was empty.

Dungeon Overview and Level Annotations

Branches:
Dungeon (2/15)

Altars:

Annotations:
D:2 Sigmund


Innate Abilities, Weirdness & Mutations

You are resistant to damage.
You can heal yourself by infusing magical energy.
You passively map a small area around you.
You do not regenerate.


Message History

Sigmund points at you and mumbles some strange words.
The magic dart hits you!
You closely miss Sigmund.
Sigmund casts a spell.
Sigmund flickers and vanishes!
Deactivating autopickup; reactivate with Ctrl-A.
Something hits you.
You thump something! You miss something. Something hits you!
The rat barely misses you.
You miss something. The rat barely misses you. Something hits you!
* * * LOW HITPOINT WARNING * * *
You closely miss something. The rat completely misses you.
Something barely misses you.
You sock something!
The rat barely misses you. x2; Something hits you.
You hit something. The rat bites you but does no damage.
You miss something. Something hits you.
* * * LOW HITPOINT WARNING * * *
The rat completely misses you.
You fail to use your ability.
The rat bites you. Something hits you!
You die...

#.# #...,.#
###########.###.##..#*
.....).......(....... *
,
................####...
############.#r........
###.##.######, ,
*..........# ,, * *
.#.....##r# *
#?...#.@.# **
,..#..#.{...# * * *
...###........, * ...,
##....#### ..,, .#...#
* * ...#..# ,....#..# ,
.... .## *


You could see a rat.

Vanquished Creatures
  A gnoll (D:1)
  A dart slug (D:1)
  A ball python (D:1)
  6 hobgoblins
  7 kobolds (D:1)
  4 bats (D:1)
  3 frilled lizards
  4 goblins (D:1)
  2 rats (D:1)
29 creatures vanquished.

Notes
Turn   | Place    | Note
-------+----------+-------------------------------------------
     0 | D:1      | truemonolith the Deep Dwarf Gladiator began the quest for
                  | the Orb.
     0 | D:1      | Reached XP level 1. HP: 19/19 MP: 1/1
   444 | D:1      | Reached XP level 2. HP: 15/26 MP: 2/2
   528 | D:1      | Reached skill level 4 in Maces & Flails
   587 | D:1      | Reached XP level 3. HP: 12/32 MP: 3/3
   676 | D:1      | Reached skill level 1 in Armour
  1256 | D:2      | Noticed Sigmund
  1302 | D:2      | Slain by Sigmund

Skill      XL: |  1  2  3 |
---------------+----------+-----
Maces & Flails | 4 |  4.2
Armour         | 1 |  1.1
Fighting       | |  1.7
Throwing       | |  1.7
Dodging        | |  3.2
Stealth        | |  0.3

Action                   || total
-------------------------++-------
Melee: Flail             ||    97
 Abil: Heal Wounds       ||     1
  Use: Scroll            ||     3
       Potion            ||     1
 Stab: Sleeping          ||     3
  Eat: Ration            ||     1
Armor: Leather armour    ||    22
Dodge: Dodged            ||    83
